Map: [ESL] Royal Blood

Players

Spirit - Winner!

  • Race: Terran Terran

Coffee

  • Race: Terran Terran

Event: IEM Katowice 2023

VOD

Have the link to the VOD?

Description

Time

  • Played on: Feb. 8, 2023, 7:35 a.m.
  • Length: 22:28

All games in this series

Show
View Real Time Build Order
Export as new Build Order

Spirit Terran - Winner!

Build Orders:  

Get SALT Encoding   

  12  0:00  SCV  
  13  0:12  SCV  
  14  0:16  Supply Depot  
  14  0:24  SCV  
  15  0:38  SCV  
  15  0:40  Barracks  
  16  0:44  Refinery  
  16  0:50  SCV  
  16  0:54  Refinery  
  17  1:02  SCV  
  18  1:14  SCV  
  19  1:27  Orbital Command, Reaper  
  19  1:31  Supply Depot  
  20  1:42  Factory  
  20  1:52  SCV  
  21  1:59  Reaper  
  22  2:04  SCV  
  23  2:17  SCV  
  24  2:25  Command Center  
  24  2:28  Hellion  
  26  2:30  SCV  
  26  2:32  Reaper  
  28  2:39  Supply Depot  
  28  2:42  SCV  
  29  2:50  Hellion  
  31  2:53  Starport  
  31  3:01  SCV  
  31  3:05  Barracks Reactor  
  32  3:13  Factory Tech Lab, SCV  
  33  3:22  Refinery  
  33  3:25  SCV  
  33  3:34  Starport Tech Lab  
  33  3:37  SCV  
  30  3:42  Marine x2, Orbital Command  
  30  3:44  Cyclone  
  30  3:47  Supply Depot  
  32  3:49  SCV  
  32  3:54  Raven  
  33  3:59  Marine  
  33  4:00  Marine  
  33  4:01  SCV  
  34  4:10  SCV  
  34  4:13  SCV  
  35  4:17  Marine x2  
  35  4:22  Cyclone  
  35  4:23  SCV  
  41  4:27  SCV  
  42  4:35  Marine, SCV  
  44  4:39  SCV  
  44  4:42  Raven  
  47  4:47  Marine, SCV  
  47  4:51  SCV  
  50  4:55  Supply Depot  
  50  4:57  Siege Tank  
  54  5:00  Marine, SCV  
  54  5:03  SCV  
  56  5:11  Supply Depot  
  56  5:12  SCV  
  57  5:15  Command Center  
  57  5:18  SCV  
  57  5:20  Raven  
  60  5:24  SCV  
  60  5:25  Refinery  
  61  5:29  Marine x2  
  61  5:30  SCV  
  61  5:34  Siege Tank  
  67  5:36  SCV  
  67  5:42  SCV  
  69  5:48  SCV, Supply Depot x2  
  70  5:54  SCV  
  71  6:00  SCV  
  71  6:02  Marine, Stimpack  
  71  6:04  Viking  
  75  6:06  Siege Tank  
  75  6:10  SCV  
  79  6:11  Viking  
  79  6:13  SCV  
  82  6:20  Marine  
  82  6:22  SCV  
  82  6:25  SCV  
  85  6:32  Orbital Command  
  85  6:34  Barracks  
  85  6:36  Barracks, Viking  
  85  6:38  Siege Tank  
  90  6:42  Marine  
  90  6:43  SCV  
  90  6:44  SCV  
  93  6:52  Viking  
  95  6:55  SCV  
  95  6:56  SCV  
  97  7:03  Engineering Bay  
  97  7:04  Engineering Bay  
  97  7:07  SCV  
  97  7:11  Siege Tank  
  97  7:12  Liberator  
  103  7:17  Supply Depot  
  103  7:21  Liberator, SCV  
  107  7:23  SCV  
  107  7:29  Marine  
  107  7:33  SCV  
  107  7:36  SCV  
  109  7:42  Marine x2  
  109  7:43  Siege Tank  
  114  7:45  Combat Shield  
  114  7:46  Marine  
  114  7:50  SCV  
  110  7:55  Viking  
  110  7:56  SCV  
  113  8:00  Marine x2  
  113  8:03  SCV  
  113  8:04  Viking  
  118  8:11  SCV  
  119  8:13  Terran Infantry Armor Level 1, Terran Infantry Weapons Level 1  
  119  8:14  Supply Depot  
  119  8:15  Supply Depot  
  119  8:17  Barracks  
  119  8:21  Barracks  
  119  8:26  Viking  
  119  8:29  SCV x2  
  121  8:34  Viking  
  121  8:38  Siege Tank  
  121  8:40  Marine  
  128  8:41  Marine, SCV x2  
  130  8:53  Marine, SCV x2  
  131  8:58  Marine  
  131  9:01  Liberator  
  135  9:04  Liberator  
  135  9:05  Marine x2, SCV  
  135  9:06  Supply Depot  
  135  9:08  Supply Depot  
  141  9:19  Armory  
  141  9:28  SCV x2  
  141  9:29  Siege Tank  
  148  9:34  Barracks Reactor x4, Supply Depot  
  148  9:35  Marine  
  140  9:41  SCV  
  141  9:46  Medivac  
  143  9:53  Marine  
  143  9:54  Viking  
  143  9:57  Orbital Command  
  140  10:02  Siege Tank  
  140  10:03  SCV  
  141  10:10  Marine  
  141  10:11  Marine  
  141  10:12  SCV  
  144  10:14  Marine  
  144  10:15  Marine, SCV  
  144  10:16  Marine  
  144  10:17  Marine  
  144  10:19  Medivac  
  149  10:23  SCV  
  149  10:24  SCV  
  149  10:27  SCV  
  152  10:29  Marine  
  152  10:33  Marine  
  152  10:34  Marine x3  
  138  10:35  SCV  
  138  10:36  Marine x4, SCV  
  138  10:39  SCV  
  132  10:47  Marine  
  132  10:48  SCV x2  
  135  10:50  Marine, Terran Infantry Weapons Level 2  
  135  10:51  SCV  
  135  10:52  Marine x3  
  135  10:54  Marine  
  141  10:57  Marine x2  
  141  10:59  Sensor Tower  
  141  11:00  SCV x2  
  141  11:02  Medivac  
  147  11:04  Marine  
  147  11:06  Terran Infantry Armor Level 2  
  147  11:10  Supply Depot  
  147  11:11  Marine x2  
  149  11:12  SCV  
  149  11:14  Marine x2  
  149  11:17  Marine, Refinery  
  149  11:18  Refinery  
  154  11:20  Siege Tank, Marine  
  154  11:22  Medivac  
  154  11:24  Marine  
  154  11:25  Marine  
  161  11:29  Marine  
  163  11:36  Medivac  
  163  11:38  Marine  
  166  11:40  Marine x5, Command Center  
  166  11:42  Marine  
  166  11:43  Marine  
  173  11:48  Marine  
  173  11:52  Siege Tank  
  173  11:55  Marine  
  173  11:58  Marine x3  
  173  12:00  Marine  
  170  12:03  Medivac  
  170  12:05  Marine  
  170  12:07  Marine  
  174  12:09  Medivac  
  174  12:11  Marine  
  174  12:12  Marine  
  179  12:17  Marine  
  179  12:19  Marine x3  
  179  12:22  Supply Depot  
  181  12:23  Supply Depot  
  181  12:26  Marine, Missile Turret  
  181  12:27  Missile Turret  
  181  12:28  Factory, Missile Turret  
  179  12:30  Marine, SCV  
  179  12:31  Siege Tank  
  179  12:33  Marine x3  
  181  12:40  Marine  
  181  12:43  Marine  
  181  12:44  Marine x2, Medivac  
  184  12:45  SCV  
  184  12:47  Marine  
  181  12:52  Marine x3  
  181  12:53  Marine  
  182  13:01  Marine, Medivac  
  182  13:03  Siege Tank  
  182  13:04  SCV x3  
  186  13:10  Marine  
  187  13:16  SCV  
  189  13:20  Marine  
  189  13:27  Starport  
  189  13:28  Planetary Fortress  
  189  13:30  Marine  
  189  13:32  Marine  
  189  13:34  Marine  
  192  13:35  Siege Tank  
  192  13:36  Marine  
  192  13:38  SCV  
  192  13:39  Marine  
  192  13:40  Starport  
  194  13:41  Marine  
  194  13:47  Refinery x2  
  192  13:49  Sensor Tower  
  192  13:54  Marine, Bunker  
  193  13:56  Marine  
  193  13:57  Marine  
  193  14:00  Viking x2  
  199  14:04  Factory Tech Lab  
  199  14:09  Fusion Core  
  199  14:11  Armory  
  198  14:21  Starport Reactor  
  198  14:22  Command Center, Starport Reactor  
  198  14:25  Missile Turret  
  198  14:26  Missile Turret  
  198  14:28  Terran Infantry Weapons Level 3, Terran Infantry Armor Level 3  
  190  14:42  Viking  
  178  14:49  Siege Tank  
  178  14:50  Marine x8  
  178  14:52  Marine  
  185  14:57  Command Center  
  157  15:07  Orbital Command  
  157  15:08  Marine x7, Sensor Tower  
  157  15:10  Advanced Ballistics  
  157  15:12  Liberator  
  167  15:18  Liberator  
  170  15:24  Liberator  
  170  15:27  Siege Tank  
  176  15:32  Medivac  
  178  15:38  SCV x2  
  178  15:42  Missile Turret  
  180  15:45  Terran Vehicle Weapons Level 1  
  180  15:51  Viking x2  
  183  15:59  Viking  
  183  16:02  Liberator  
  188  16:08  Liberator  
  191  16:15  Liberator  
  177  16:21  Marine, Liberator  
  177  16:22  Marine  
  182  16:32  Viking  
  186  16:52  Sensor Tower  
  187  16:54  Refinery  
  187  16:55  Planetary Fortress  
  187  16:56  Refinery  
  183  17:03  Command Center  
  183  17:05  Viking x4  
  183  17:06  Viking, Missile Turret  
  186  17:11  Viking  
  186  17:35  Viking x4  
  186  17:36  Marine, Viking  
  184  17:41  Viking  
  172  17:55  Siege Tank  
  172  17:56  Smart Servos  
  172  17:57  Marine x9  
  178  17:59  SCV  
  178  18:04  Viking  
  178  18:05  Viking x2  
  185  18:11  SCV x2  
  187  18:13  Liberator  
  187  18:14  Marine, Liberator  
  194  18:20  SCV  
  194  18:24  Siege Tank  
  194  18:27  Liberator  
  194  18:28  SCV  
  194  18:30  SCV  
  194  18:32  Refinery  
  199  18:34  Marine  
  199  18:36  Sensor Tower  
  200  18:47  Command Center  
  194  18:59  Marine  
  194  19:00  Siege Tank  
  194  19:01  Marine  
  196  19:10  Marine  
  196  19:12  Liberator  
  195  19:30  Command Center  
  195  19:32  Liberator, Starport  
  195  19:34  Starport x2  
  198  19:50  Command Center  
  198  19:51  Terran Vehicle Weapons Level 2  
  198  19:54  Armory  
  198  20:17  Marine  
  198  20:20  Marine  
  200  20:29  Starport Tech Lab  
  200  20:30  Starport Tech Lab  
  200  20:31  Starport Tech Lab  
  199  20:48  Refinery, Missile Turret  
  191  20:50  Sensor Tower  
  191  20:51  Refinery  
  191  20:55  Siege Tank  
  194  20:58  Raven  
  194  20:59  Raven x2  
  194  21:02  Sensor Tower  
  195  21:11  Liberator  
  198  21:24  Liberator  
  198  21:33  Orbital Command, Raven  
  198  21:38  Planetary Fortress  
  200  22:00  Marine  
  184  22:05  Marine x3  
Show
View Real Time Build Order
Export as new Build Order

Coffee Terran 

Build Orders:  

Get SALT Encoding   

  12  0:00  SCV  
  13  0:12  SCV  
  14  0:17  Supply Depot  
  14  0:24  SCV  
  15  0:38  SCV  
  15  0:39  Barracks  
  16  0:43  Refinery  
  16  0:50  SCV  
  16  0:52  Refinery  
  17  1:02  SCV  
  18  1:15  SCV  
  19  1:27  Reaper  
  19  1:28  Orbital Command  
  19  1:30  Supply Depot  
  20  1:42  Factory  
  21  1:54  SCV  
  21  2:00  Barracks Reactor  
  21  2:06  SCV  
  22  2:15  Command Center  
  22  2:18  SCV  
  23  2:26  Hellion  
  25  2:30  SCV  
  25  2:36  Reaper x2  
  28  2:38  Supply Depot  
  28  2:42  SCV  
  29  2:47  Hellion  
  31  2:55  Starport  
  31  2:59  SCV  
  32  3:08  Hellion  
  32  3:11  SCV, Reaper x2  
  37  3:20  Refinery  
  37  3:24  SCV  
  38  3:28  Orbital Command  
  38  3:38  Factory Tech Lab  
  35  3:42  Starport Tech Lab  
  35  3:44  SCV  
  35  3:45  Marine x2  
  38  3:54  SCV  
  39  3:56  SCV  
  39  3:57  Supply Depot  
  39  4:01  Cyclone  
  43  4:03  Marine x2  
  43  4:04  Raven  
  43  4:07  SCV  
  48  4:13  SCV  
  47  4:19  SCV  
  47  4:21  Marine  
  47  4:24  Marine  
  48  4:25  SCV  
  48  4:31  SCV  
  51  4:33  Siege Tank  
  51  4:37  Supply Depot  
  51  4:38  SCV  
  55  4:42  Raven  
  55  4:43  SCV  
  58  4:48  Marine x2  
  58  4:50  SCV  
  61  4:55  SCV  
  61  4:57  Command Center  
  62  5:02  SCV  
  62  5:06  Supply Depot  
  63  5:07  SCV  
  63  5:09  Siege Tank  
  63  5:12  Marine x2  
  69  5:15  SCV  
  70  5:22  Supply Depot  
  74  5:28  SCV x2, Raven  
  74  5:29  Marine  
  74  5:30  Marine  
  76  5:35  Supply Depot  
  76  5:40  SCV  
  77  5:44  Siege Tank  
  77  5:46  SCV  
  81  5:52  SCV  
  81  5:57  Engineering Bay  
  81  5:58  SCV  
  81  5:59  Engineering Bay  
  81  6:01  Barracks  
  81  6:02  Barracks  
  82  6:04  SCV  
  82  6:08  Starport Reactor  
  82  6:10  Orbital Command  
  81  6:12  Marine, Refinery  
  81  6:13  Stimpack  
  81  6:15  SCV  
  81  6:16  SCV  
  81  6:18  Supply Depot  
  84  6:23  Siege Tank  
  84  6:24  Terran Infantry Weapons Level 1  
  87  6:27  Terran Infantry Armor Level 1  
  87  6:28  SCV  
  87  6:29  SCV  
  87  6:30  Marine  
  90  6:35  Supply Depot  
  88  6:40  SCV  
  88  6:43  SCV x2  
  88  6:48  Marine  
  89  6:54  Marine x2, Starport Reactor  
  89  6:58  Barracks, SCV x3  
  89  7:00  Barracks  
  94  7:01  Siege Tank  
  94  7:04  Marine x2  
  94  7:06  Armory  
  99  7:11  SCV x2  
  101  7:15  Marine x2  
  101  7:16  Marine  
  101  7:19  SCV  
  101  7:22  Marine x2  
  105  7:23  SCV  
  105  7:27  SCV  
  105  7:31  SCV  
  105  7:32  Supply Depot  
  105  7:33  Marine x3, Supply Depot  
  105  7:35  SCV  
  105  7:39  Medivac x2  
  105  7:40  Marine  
  105  7:44  SCV x2  
  108  7:47  SCV  
  109  7:51  Marine x3  
  109  7:52  Barracks Reactor  
  112  7:59  Siege Tank  
  115  8:12  Marine x2  
  114  8:15  Marine  
  114  8:16  Combat Shield, Barracks Reactor  
  114  8:17  SCV  
  114  8:18  SCV  
  117  8:20  Command Center  
  117  8:32  Marine  
  117  8:33  Marine x4, Refinery x2  
  122  8:36  Medivac x2  
  122  8:37  Siege Tank  
  129  8:45  Sensor Tower  
  127  8:48  Marine  
  127  8:49  Marine  
  127  8:50  Marine x2, SCV x2  
  127  8:51  Marine x2  
  128  9:03  Marine  
  128  9:04  Marine, Missile Turret  
  128  9:05  SCV x3  
  128  9:09  Siege Tank  
  134  9:12  Marine x2  
  134  9:15  Marine x2  
  134  9:17  SCV x2  
  138  9:19  SCV  
  137  9:28  Viking x2  
  137  9:30  SCV  
  141  9:33  Marine  
  141  9:37  Marine x2  
  141  9:40  Terran Infantry Weapons Level 2  
  141  9:53  Missile Turret  
  141  10:06  Marine x3, SCV x3  
  144  10:09  Siege Tank  
  144  10:10  Marine  
  144  10:18  Orbital Command  
  144  10:19  SCV  
  143  10:31  Marine  
  143  10:32  Marine x7  
  143  10:33  Marine  
  97  10:45  SCV x3  
  97  10:46  Terran Infantry Armor Level 2  
  97  10:48  Terran Vehicle Weapons Level 1  
  97  10:49  Siege Tank, Marine x2  
  101  10:50  Marine x4  
  101  10:52  Marine, SCV  
  101  10:53  Marine  
  108  10:57  SCV x2  
  108  10:58  SCV  
  111  11:07  Marine x2  
  114  11:11  Sensor Tower, Missile Turret  
  114  11:16  Marine  
  114  11:17  Marine x5  
  119  11:18  Sensor Tower  
  119  11:22  Factory  
  119  11:25  Marine x2  
  120  11:26  Barracks Reactor  
  121  11:34  Marine x5  
  121  11:35  SCV x3  
  121  11:37  Siege Tank  
  132  11:40  Medivac x2  
  132  11:43  SCV  
  132  11:44  Supply Depot  
  132  11:46  Supply Depot  
  133  11:47  SCV  
  133  11:49  Marine x3  
  133  11:52  Marine x5  
  124  12:02  Marine  
  124  12:05  SCV x3  
  124  12:07  Marine  
  129  12:09  Siege Tank  
  129  12:14  Marine x2  
  129  12:15  Marine, Viking x2  
  137  12:18  SCV  
  137  12:19  SCV x3  
  141  12:26  Starport  
  141  12:27  Starport  
  140  12:34  Marine x7  
  140  12:35  SCV  
  140  12:36  SCV x2  
  147  12:41  Siege Tank  
  136  13:00  Marine x3  
  136  13:03  SCV x2  
  140  13:05  Refinery  
  140  13:06  Viking  
  140  13:07  Viking, Refinery  
  138  13:14  Siege Tank  
  138  13:16  Starport Tech Lab x2  
  134  13:22  Siege Tank, SCV x2  
  134  13:24  Marine x3  
  142  13:28  SCV x2  
  142  13:32  Marine  
  142  13:33  Marine x2  
  145  13:34  Sensor Tower  
  145  13:38  Marine  
  145  13:39  Marine x2  
  145  13:40  Marine  
  144  13:42  Marine, SCV x2  
  144  13:44  SCV x2  
  144  13:45  Marine x2  
  144  13:46  Siege Tank  
  154  13:50  Marine x2  
  154  13:54  Siege Tank, SCV x2  
  161  13:59  SCV  
  161  14:00  SCV  
  161  14:01  Missile Turret  
  161  14:02  Supply Depot, Missile Turret  
  163  14:03  Supply Depot, Missile Turret  
  163  14:06  SCV  
  163  14:09  Raven  
  168  14:10  Raven  
  168  14:15  Viking x2  
  172  14:24  Marine x5, Siege Tank  
  172  14:25  Marine x5  
  172  14:28  Supply Depot  
  172  14:31  Supply Depot  
  132  14:45  Marine  
  132  14:46  Marine x9  
  132  14:51  Siege Tank  
  119  15:02  SCV x2  
  119  15:03  Marine  
  119  15:04  Marine x6  
  119  15:05  Siege Tank  
  119  15:06  Raven x2  
  135  15:07  Marine x3  
  138  15:14  SCV x2  
  140  15:21  Marine  
  140  15:22  Marine x2  
  140  15:25  Siege Tank  
  140  15:26  SCV, Viking x2  
  140  15:27  Command Center  
  140  15:28  Orbital Command  
  151  15:29  Terran Ship Weapons Level 1  
  151  15:35  Missile Turret  
  151  15:40  SCV x2  
  153  15:44  Marine x2  
  153  15:45  Marine x2  
  156  15:51  Missile Turret  
  156  15:56  Raven x2  
  160  16:05  Marine x7  
  160  16:11  Siege Tank  
  158  16:23  Siege Tank  
  158  16:24  Viking x2  
  158  16:25  SCV x3  
  168  16:33  Supply Depot  
  168  16:34  Supply Depot, Raven  
  167  16:45  Marine x4  
  171  16:51  Marine  
  171  16:52  Marine x3  
  158  17:00  Planetary Fortress  
  156  17:02  SCV x3  
  156  17:03  Missile Turret  
  158  17:14  Marine, SCV x2  
  158  17:15  Marine x4  
  163  17:39  Marine  
  163  17:40  Marine x9  
  155  17:57  Marine  
  155  17:58  Marine x9, Raven  
  149  17:59  Raven  
  149  18:01  Siege Tank  
  149  18:03  Siege Tank  
  159  18:07  SCV x2  
  161  18:15  Marine  
  160  18:26  Marine x4  
  158  18:32  SCV x4  
  158  18:33  Siege Tank  
  165  18:42  Raven x2  
  165  18:44  SCV x4  
  165  18:46  Marine  
  165  18:47  Marine x2  
  176  18:50  Medivac x2  
  180  18:57  Marine x2  
  180  19:02  Marine x3  
  185  19:06  Siege Tank  
  185  19:07  Siege Tank  
  168  19:24  Marine  
  168  19:25  Marine x6  
  175  19:39  Siege Tank x2  
  175  19:40  Orbital Command  
  175  19:44  Marine x2  
  183  19:51  Marine  
  180  20:04  Marine  
  180  20:05  Marine x6  
  180  20:06  SCV  
  187  20:11  Siege Tank x2  
  186  20:17  Viking  
  186  20:18  Viking  
  180  20:24  SCV x2  
  163  20:36  Marine  
  163  20:38  SCV  
  164  20:43  Siege Tank  
  161  20:55  Marine x3  
  163  21:03  Marine  
  159  21:07  Marine x2  
  159  21:08  Marine  
  162  21:11  SCV x2  
  164  21:27  Marine  
  164  21:28  Marine x7  
  164  21:32  SCV x2  
  168  21:33  SCV  
  168  21:39  SCV  
  164  21:44  SCV  
  153  21:59  Marine x8  
  134  22:09  SCV  

Tags
 
Add a new tag
Caveats
  • Supply blocks, unpowered buildings, or Contaminate may cause inaccurate times.
  • Supply counts are checked every 10 seconds.